Map: Deathaura LE

Players

Moja

  • Race: Terran Terran
  • Spawn Location: 11:00

Ziggy - Winner!

  • Race: Terran Terran
  • League: Grandmaster
  • Spawn Location: 5:00

Event: DreamHack SC2 Masters 2020 Winter

VOD

Have the link to the VOD?

Description

Time

  • Played on: Oct. 16, 2020, 2:12 p.m.
  • Length: 24:44

All games in this series

Show
View Real Time Build Order
Export as new Build Order

Moja Terran 

Build Orders: 1/1/1, Liberator Opening 

Get SALT Encoding   

  12  0:00  SCV  
  13  0:12  SCV  
  14  0:17  Supply Depot  
  14  0:24  SCV  
  15  0:29  Refinery  
  15  0:39  SCV  
  16  0:43  Barracks  
  16  0:51  SCV  
  16  0:56  Refinery  
  17  1:03  SCV  
  18  1:15  SCV  
  19  1:30  Orbital Command  
  19  1:31  Factory  
  19  1:34  Reaper  
  20  1:42  Supply Depot  
  20  1:55  SCV  
  21  2:06  Reaper  
  22  2:09  SCV  
  22  2:14  Hellion  
  25  2:17  Starport  
  25  2:21  SCV  
  26  2:23  Supply Depot  
  26  2:33  SCV  
  26  2:36  Hellion  
  29  2:38  Reaper  
  30  2:46  SCV  
  31  2:55  Liberator  
  31  2:56  Supply Depot  
  36  2:58  Hellion  
  36  3:10  Reaper  
  39  3:20  Hellion  
  39  3:26  Command Center  
  39  3:31  Supply Depot  
  39  3:41  Factory Tech Lab  
  39  3:43  Barracks Reactor  
  39  3:48  Starport Tech Lab  
  39  3:50  SCV  
  40  4:01  Cyclone  
  39  4:18  SCV  
  39  4:20  Marine  
  39  4:21  Raven, Marine  
  42  4:36  SCV  
  42  4:38  Orbital Command  
  36  4:40  Siege Tank  
  36  4:42  Marine x2  
  41  4:48  SCV  
  42  4:59  Command Center  
  42  5:00  SCV, Refinery  
  42  5:01  Refinery  
  42  5:03  SCV  
  43  5:12  SCV  
  41  5:15  SCV  
  42  5:23  Raven, Marine  
  42  5:24  Marine  
  42  5:28  SCV x2  
  48  5:32  Siege Tank  
  51  5:40  SCV x2  
  53  5:45  Marine x2  
  55  5:52  SCV x2  
  55  5:54  Engineering Bay x2  
  57  6:02  Supply Depot  
  60  6:04  SCV x2, Siege Tank  
  62  6:15  Viking x2  
  62  6:16  SCV x2  
  68  6:19  Stimpack  
  68  6:25  Terran Infantry Weapons Level 1, Terran Infantry Armor Level 1  
  68  6:28  SCV x2  
  70  6:33  Orbital Command  
  70  6:39  Siege Tank  
  73  6:41  SCV x2  
  75  6:47  Viking  
  75  6:50  Viking  
  75  6:53  SCV x2  
  81  6:56  Orbital Command  
  81  7:05  SCV x2  
  81  7:06  Sensor Tower  
  83  7:17  SCV x2  
  83  7:19  Viking  
  83  7:20  Viking  
  83  7:21  SCV  
  87  7:26  Siege Tank  
  87  7:29  SCV x2  
  92  7:33  SCV  
  93  7:46  Supply Depot x2  
  93  7:48  Command Center  
  93  7:49  Barracks  
  93  7:50  Barracks  
  93  7:58  Armory, Supply Depot  
  93  7:59  Supply Depot  
  93  8:07  SCV x2  
  93  8:08  Siege Tank  
  93  8:10  Medivac x2  
  93  8:12  SCV  
  103  8:13  Refinery  
  103  8:14  Refinery  
  103  8:19  SCV x2  
  105  8:23  Marine  
  105  8:24  SCV  
  105  8:25  Combat Shield  
  107  8:32  SCV, Barracks  
  107  8:34  SCV  
  109  8:35  Barracks  
  109  8:36  SCV  
  109  8:38  Barracks Reactor x2  
  110  8:44  Marine  
  110  8:45  SCV  
  112  8:49  SCV  
  112  8:52  Terran Infantry Armor Level 2, Terran Infantry Weapons Level 2  
  113  8:56  SCV  
  113  9:00  Supply Depot  
  113  9:01  Supply Depot  
  113  9:02  Marine  
  115  9:04  Supply Depot  
  115  9:06  Siege Tank  
  115  9:07  Terran Vehicle Weapons Level 1  
  118  9:15  Missile Turret  
  118  9:16  Missile Turret  
  118  9:19  Missile Turret  
  118  9:20  Marine  
  118  9:42  SCV x2  
  120  9:47  Armory, Marine  
  120  9:48  Barracks Reactor x2, Marine x3  
  120  9:49  Marine  
  125  10:05  Marine x2  
  125  10:06  Marine x3  
  113  10:10  Viking x2, Siege Tank  
  113  10:13  SCV  
  116  10:23  Marine x2  
  116  10:24  Command Center, Marine x2  
  116  10:26  Marine x2  
  116  10:27  Marine x3  
  116  10:28  SCV  
  126  10:32  Factory  
  126  10:37  Terran Ship Weapons Level 1  
  126  10:41  SCV, Marine x2  
  133  10:46  Marine  
  133  10:47  Marine x5  
  133  10:48  Marine  
  140  11:02  Liberator x2  
  140  11:03  SCV  
  143  11:08  Starport  
  143  11:09  Marine x5  
  143  11:10  Marine  
  149  11:16  Supply Depot  
  149  11:17  Supply Depot  
  149  11:18  Factory Tech Lab  
  149  11:20  Siege Tank  
  149  11:21  Terran Vehicle Weapons Level 2  
  149  11:22  Terran Infantry Weapons Level 3, Terran Infantry Armor Level 3  
  152  11:28  Starport  
  152  11:39  Siege Tank  
  155  11:49  Viking x2, Starport Reactor  
  155  11:52  SCV  
  160  11:57  Sensor Tower  
  160  12:08  Missile Turret  
  160  12:09  Planetary Fortress, Missile Turret  
  160  12:13  Marine x3  
  163  12:19  Missile Turret  
  163  12:23  Starport Reactor  
  163  12:24  SCV  
  146  12:42  Marine  
  146  12:43  Marine x5  
  136  12:44  Marine x3  
  136  12:47  SCV x2  
  134  12:51  Liberator x2  
  134  12:52  Viking x2  
  143  13:00  Marine  
  143  13:01  Marine x5  
  143  13:02  Marine x3  
  143  13:03  Terran Vehicle And Ship Armor Level 1  
  141  13:15  Siege Tank x2  
  141  13:18  Marine x6, Fusion Core  
  138  13:30  Liberator  
  138  13:31  Liberator  
  144  13:37  Orbital Command, Terran Ship Weapons Level 2  
  144  13:47  Viking x2, Siege Tank  
  151  13:58  Refinery  
  151  14:02  Refinery  
  151  14:07  Liberator  
  132  14:19  Marine  
  132  14:20  Marine x2  
  132  14:21  Marine x2  
  132  14:22  Marine  
  132  14:23  Marine x3  
  135  14:26  Advanced Ballistics  
  135  14:33  Orbital Command  
  135  14:37  Marine x2  
  137  14:40  Marine x2  
  139  14:46  Marine x2  
  139  14:47  Medivac x2  
  145  15:00  SCV x2  
  145  15:04  SCV  
  145  15:06  SCV  
  149  15:12  SCV  
  146  15:26  Marine x7  
  146  15:27  Marine x2  
  145  15:40  Siege Tank  
  141  15:43  Marine  
  141  15:44  Marine x6  
  141  15:45  Marine  
  141  15:46  Marine  
  141  15:47  Siege Tank  
  153  16:01  Marine  
  153  16:02  Marine x5  
  156  16:04  Marine x2  
  156  16:05  Marine  
  156  16:06  SCV  
  156  16:10  Barracks  
  160  16:11  Barracks  
  160  16:12  Siege Tank  
  160  16:13  Barracks  
  157  16:19  Marine x3, Siege Tank  
  157  16:22  Marine  
  157  16:23  Marine x4  
  164  16:28  Marine  
  152  16:33  Liberator x3  
  152  16:37  Marine  
  152  16:38  SCV x2  
  164  16:44  Siege Tank  
  164  16:54  Marine  
  164  16:55  Marine x2  
  164  16:56  Marine x3  
  164  16:59  Marine x2  
  172  17:03  Barracks Reactor x3  
  172  17:05  Supply Depot x2  
  172  17:07  Supply Depot  
  172  17:21  Marine  
  171  17:24  Command Center  
  167  17:35  Viking x4  
  157  17:38  Marine  
  157  17:39  Marine  
  157  17:40  Marine x2  
  157  17:41  Marine  
  162  18:00  Viking  
  162  18:01  Viking, Marine x3  
  162  18:02  Marine  
  162  18:03  SCV x4  
  168  18:15  SCV  
  137  18:35  Viking x2  
  137  18:37  Marine x10  
  137  18:38  Marine x5  
  137  18:39  SCV x2, Orbital Command, Siege Tank x2  
  137  18:40  SCV  
  157  18:53  SCV x3  
  157  18:55  Marine x7  
  163  18:59  SCV  
  168  19:05  SCV x3  
  171  19:11  Siege Tank  
  171  19:17  Viking  
  176  19:33  SCV x2  
  178  19:39  Viking  
  178  19:40  Viking x4, Marine x2  
  178  19:44  Marine  
  178  19:45  Marine  
  190  19:55  Marine  
  190  19:57  Viking  
  186  20:10  Marine x3  
  186  20:12  Marine x4  
  186  20:13  Marine x2  
  191  20:17  Command Center  
  191  20:22  Refinery  
  191  20:23  Refinery  
  191  20:25  Command Center  
  184  20:32  Marine x2  
  175  20:53  Marine x3  
  175  20:54  Marine x10  
  175  20:55  Command Center  
  175  20:56  Refinery  
  161  20:57  Refinery  
  161  20:58  Marine x2  
  163  21:22  Viking x4  
  163  21:25  Viking, Liberator  
  176  21:33  Orbital Command  
  140  21:52  Marine x2  
  140  21:53  Medivac  
  140  21:54  Marine  
  112  21:59  Marine x2  
  112  22:00  Marine x3  
  115  22:14  Medivac, Marine  
  115  22:15  Marine x6  
  124  22:31  Medivac, Marine x2  
  124  22:32  Medivac, Marine x3  
  124  22:35  Orbital Command  
  133  22:41  Marine x3  
  133  22:43  Medivac  
  136  22:48  Marine x2  
  136  22:55  Marine x2  
  132  23:03  Marine x2  
  132  23:04  Marine  
  133  23:08  Command Center  
  133  23:09  Marine x2  
  135  23:14  Medivac x2  
  135  23:15  Marine x2  
  141  23:28  Marine x2  
  141  23:29  Medivac  
  145  23:38  Marine  
  145  23:40  Marine x2  
  122  23:53  Orbital Command  
  122  23:54  Marine x2  
  122  24:12  Marine x2  
  124  24:23  Marine x3  
  125  24:26  Marine x2  
Show
View Real Time Build Order
Export as new Build Order

Ziggy Terran - Winner!

Build Orders:  

Get SALT Encoding   

  12  0:00  SCV  
  13  0:12  SCV  
  14  0:16  Supply Depot  
  14  0:24  SCV  
  15  0:38  SCV  
  15  0:39  Barracks  
  16  0:44  Refinery  
  16  0:50  SCV  
  17  0:58  Barracks  
  17  1:02  SCV  
  18  1:14  SCV  
  19  1:26  Reaper  
  19  1:27  Orbital Command  
  19  1:29  Supply Depot  
  20  1:45  Reaper  
  21  2:03  Reaper  
  21  2:05  Command Center  
  22  2:11  SCV, Refinery  
  23  2:21  Reaper  
  24  2:24  SCV  
  25  2:36  SCV  
  26  2:39  Reaper  
  27  2:47  Command Center  
  27  2:49  SCV  
  28  2:54  Barracks Tech Lab  
  28  3:01  SCV  
  29  3:11  Barracks Reactor  
  29  3:13  SCV  
  29  3:16  Bunker  
  29  3:17  Stimpack  
  30  3:20  Orbital Command  
  30  3:25  Marine  
  30  3:26  SCV  
  32  3:35  Factory  
  32  3:38  SCV  
  33  3:43  Marine  
  33  3:45  SCV  
  35  3:49  Marine x2  
  35  3:50  SCV  
  38  3:57  SCV  
  38  4:00  Orbital Command  
  38  4:02  Marine  
  40  4:03  SCV  
  40  4:06  Marine  
  42  4:13  Marine  
  42  4:15  SCV  
  41  4:17  SCV  
  41  4:20  Marine, Factory Tech Lab  
  42  4:24  Marine  
  42  4:30  SCV, Marine  
  43  4:33  SCV  
  43  4:36  SCV  
  43  4:38  Marine  
  40  4:42  SCV, Marine  
  40  4:45  SCV  
  43  4:48  SCV  
  43  4:50  Starport  
  44  4:53  Marine  
  44  4:54  SCV  
  44  4:55  Marine  
  44  4:57  Siege Tank  
  44  4:59  Combat Shield  
  50  5:01  SCV  
  50  5:02  SCV  
  50  5:06  SCV  
  53  5:08  Orbital Command  
  53  5:11  Marine x2  
  53  5:13  SCV, Marine  
  54  5:18  Supply Depot  
  54  5:19  SCV  
  54  5:20  Refinery  
  55  5:25  SCV  
  55  5:28  Starport Reactor  
  56  5:29  Marine  
  56  5:30  Supply Depot  
  56  5:31  SCV  
  56  5:33  Siege Tank  
  61  5:40  SCV x2  
  61  5:41  Supply Depot  
  63  5:44  Engineering Bay x2, Marine x2  
  63  5:46  SCV, Marine  
  67  5:52  SCV  
  67  5:55  SCV, Barracks  
  69  5:58  SCV  
  69  6:01  Refinery, Marine  
  69  6:02  Marine  
  72  6:04  SCV  
  72  6:06  Medivac  
  72  6:07  Medivac  
  77  6:11  Terran Infantry Weapons Level 1  
  77  6:12  SCV x2  
  77  6:15  Marine  
  80  6:18  Supply Depot  
  80  6:19  SCV, Marine  
  80  6:21  Terran Infantry Armor Level 1  
  80  6:24  SCV  
  80  6:25  SCV  
  84  6:29  Supply Depot  
  84  6:31  SCV  
  85  6:40  SCV, Marine x2, Siege Tank  
  85  6:42  SCV, Marine  
  85  6:46  Barracks Reactor  
  93  6:51  SCV, Missile Turret  
  93  6:52  Supply Depot x2, Missile Turret  
  93  6:53  Refinery  
  94  6:57  Marine, Sensor Tower  
  94  6:59  Marine  
  94  7:00  Marine  
  97  7:03  Medivac  
  97  7:04  SCV  
  97  7:05  SCV  
  101  7:14  SCV, Siege Tank  
  101  7:15  Marine  
  105  7:16  Marine  
  105  7:18  Marine  
  108  7:24  SCV x2, Marine x2  
  108  7:29  Armory, SCV  
  113  7:30  Barracks  
  113  7:32  Barracks  
  113  7:33  Refinery, Marine  
  113  7:34  Marine  
  113  7:36  SCV x2  
  117  7:39  Supply Depot  
  117  7:40  Supply Depot  
  117  7:52  Supply Depot  
  117  8:00  Marine x4  
  117  8:01  SCV, Siege Tank  
  117  8:02  SCV x2, Medivac x2, Marine  
  132  8:13  SCV  
  132  8:14  SCV x2  
  132  8:18  Marine x3  
  138  8:20  Terran Infantry Weapons Level 2  
  138  8:22  Command Center  
  138  8:26  Terran Infantry Armor Level 2  
  138  8:28  Barracks Reactor x2  
  138  8:30  Marine x2  
  140  8:36  Marine  
  141  8:54  Supply Depot x2, Marine x5, Siege Tank  
  149  8:57  Factory  
  149  9:06  Supply Depot  
  149  9:07  Supply Depot  
  149  9:13  Barracks x2  
  149  9:15  Medivac x2, Starport, Marine x7  
  160  9:27  Marine x2  
  160  9:29  Sensor Tower  
  162  9:31  Siege Tank  
  162  9:32  Terran Vehicle And Ship Armor Level 1  
  162  9:33  Marine x2  
  167  9:38  Missile Turret  
  167  9:39  Planetary Fortress  
  167  9:41  Missile Turret  
  167  9:45  Marine x4  
  153  10:05  Marine x3  
  132  10:08  Marine x2  
  132  10:11  Siege Tank  
  132  10:12  Barracks Reactor x2, Factory Tech Lab  
  136  10:15  Marine x2  
  136  10:19  Marine x2  
  133  10:22  Starport Reactor  
  133  10:23  Viking x2, Marine x3  
  133  10:26  Marine x2  
  142  10:33  Marine x2  
  144  10:37  Terran Infantry Weapons Level 3, Marine x2  
  144  10:41  Marine x3  
  144  10:42  Siege Tank  
  152  10:43  Refinery x2  
  152  10:44  Marine x2  
  152  10:45  Terran Infantry Armor Level 3  
  154  10:51  Marine x2  
  154  10:52  Marine x4  
  154  10:55  Marine x2  
  162  10:59  Marine x3  
  165  11:07  Marine x2  
  165  11:09  Viking x2  
  165  11:10  Viking x2  
  173  11:13  Marine x3  
  173  11:14  Marine  
  177  11:19  Marine  
  177  11:20  Missile Turret, Marine x2  
  177  11:24  Marine x2  
  177  11:25  Marine x2  
  184  11:29  Terran Vehicle And Ship Armor Level 2  
  184  11:34  Marine x4  
  188  11:42  Marine x2  
  188  11:44  Marine x4  
  191  11:48  Siege Tank  
  191  11:53  Marine x2  
  196  12:09  Marine x3  
  196  12:11  Marine x3  
  196  12:29  Marine x2  
  196  12:30  Viking, Marine  
  196  12:31  Marine x2  
  196  12:32  Marine, Siege Tank  
  196  12:33  Marine x2  
  196  12:34  Siege Tank  
  196  12:36  Marine x2  
  176  12:41  Marine x2  
  176  12:42  Marine  
  166  12:47  Marine x2  
  166  12:48  Marine  
  166  12:49  Marine  
  166  12:52  Marine  
  166  12:53  Marine x3  
  166  12:57  Marine x2  
  172  13:03  Marine x3  
  172  13:04  Siege Tank  
  178  13:05  Marine x2  
  178  13:06  Marine, Siege Tank  
  178  13:07  Marine  
  178  13:09  Medivac x2  
  178  13:10  Marine x2  
  178  13:11  Marine x2  
  170  13:15  Marine x2  
  172  13:21  Marine x3  
  172  13:23  Marine x2  
  172  13:24  Marine  
  172  13:25  Marine  
  172  13:26  Viking x2  
  179  13:28  Marine x4  
  179  13:33  Marine  
  184  13:38  Viking, Siege Tank  
  184  13:39  Medivac  
  184  13:40  Marine x4  
  195  13:41  Marine  
  195  13:47  Supply Depot  
  196  13:52  Starport x2  
  196  14:05  Medivac, Marine  
  196  14:06  Marine  
  196  14:07  Marine x2  
  196  14:09  Marine x2  
  181  14:10  Marine  
  150  14:19  Marine x5  
  150  14:20  Marine  
  150  14:23  Marine  
  150  14:24  Marine  
  128  14:25  Medivac x2, Marine x2  
  128  14:26  Medivac  
  128  14:27  Marine x3  
  128  14:28  Siege Tank  
  143  14:32  Siege Tank  
  143  14:35  Medivac  
  143  14:37  Marine  
  149  14:44  Starport Reactor x2  
  146  14:47  Marine x4  
  146  14:51  Marine x5  
  146  14:52  Marine  
  156  15:00  Siege Tank  
  159  15:09  Siege Tank  
  159  15:13  Marine x4  
  166  15:17  Command Center  
  153  15:23  Marine x2  
  153  15:25  Marine x2  
  126  15:30  Marine x4  
  126  15:31  Marine x3  
  126  15:33  Siege Tank  
  132  15:37  Marine x2  
  132  15:41  Siege Tank  
  133  15:44  Marine x4  
  137  15:56  Marine x3  
  138  16:04  Marine x2  
  138  16:05  Siege Tank  
  138  16:07  Marine x5  
  138  16:08  Viking  
  138  16:09  Viking  
  152  16:15  Marine x2  
  147  16:18  Marine x2  
  147  16:20  Viking x2  
  147  16:22  Marine x2  
  152  16:31  Marine x2  
  148  16:33  Marine x3  
  148  16:35  Marine x2  
  148  16:37  Viking x2  
  157  16:40  Marine x2  
  157  16:45  Marine x4  
  163  16:51  Siege Tank  
  163  16:52  Viking  
  167  16:56  Marine x3  
  167  17:00  Viking  
  172  17:08  Marine x2  
  174  17:11  Siege Tank  
  174  17:14  Marine x2  
  174  17:15  Marine x3  
  170  17:23  Siege Tank  
  168  17:34  Marine x2  
  135  17:37  Liberator x2  
  135  17:39  Marine x2  
  135  17:40  Marine x6  
  135  17:42  Marine x2  
  135  17:43  Siege Tank  
  151  17:50  Planetary Fortress  
  151  17:53  Marine  
  151  17:54  Marine  
  151  17:55  Siege Tank  
  156  18:00  Marine x2  
  156  18:03  Marine x4  
  158  18:06  Marine x2  
  158  18:09  Marine x2  
  161  18:14  Marine  
  161  18:15  Marine  
  161  18:19  Marine  
  163  18:20  Marine x2, Sensor Tower  
  163  18:25  Marine x3  
  169  18:30  Marine  
  133  18:36  Marine x2  
  133  18:37  Marine  
  133  18:38  Marine x2  
  138  18:44  Marine x2  
  138  18:45  Marine  
  138  18:47  Viking x2  
  145  18:50  Marine x3  
  148  18:56  Marine x2  
  148  19:00  Siege Tank  
  153  19:05  Marine x2  
  155  19:10  Siege Tank  
  155  19:11  Marine x3  
  155  19:13  SCV  
  162  19:32  Siege Tank  
  165  19:39  Marine x2  
  165  19:42  Siege Tank  
  170  19:58  Viking x2  
  174  20:03  Viking  
  174  20:04  Siege Tank  
  179  20:08  Marine x4  
  179  20:12  Marine x2  
  177  20:14  Siege Tank  
  177  20:20  Marine x2  
  181  20:31  Liberator  
  184  20:36  Siege Tank  
  187  20:44  Liberator  
  190  20:53  Orbital Command  
  190  20:56  Marine x3  
  192  21:05  Siege Tank  
  195  21:19  Viking x2  
  195  21:25  Viking  
  199  21:37  Marine  
  200  21:42  Orbital Command  
  173  21:48  Marine x3  
  173  21:49  Marine  
  173  21:51  Marine  
  173  21:52  Marine  
  173  21:54  Viking x4  
  151  21:57  Marine x3  
  151  21:58  Marine  
  159  22:03  Marine  
  159  22:04  Marine  
  161  22:11  Marine x3  
  164  22:17  Marine x2  
  166  22:23  Marine x4  
  166  22:26  Marine x4  
  166  22:29  Marine  
  175  22:34  Marine x2  
  175  22:35  Marine x2  
  176  22:40  Marine x2  
  176  22:41  Marine  
  177  22:54  Liberator x2  
  177  22:57  Marine x3  
  186  22:59  SCV x2  
  186  23:05  Marine x2  
  188  23:08  Marine x2  
  188  23:09  Viking x2  
  196  23:16  Sensor Tower  
  196  23:20  Orbital Command  
  196  23:21  Marine x3  
  196  23:25  Marine  
  200  23:47  Marine x4  
  195  23:50  Marine x4  
  198  23:57  Marine x3  
  198  23:58  Marine x2  
  183  24:05  Marine x4  
  183  24:08  Marine x4  
Tags
 
Add a new tag
Caveats
  • Supply blocks, unpowered buildings, or Contaminate may cause inaccurate times.
  • Supply counts are checked every 10 seconds.